 Dungeon Crawl Stone Soup version 0.26-a0-976-gd3b5134375 (webtiles) character file.

Game seed: 11525148625499287384

573286 Myrdon the Metallomancer (level 27, -11/168 HPs)
             Began as a Gargoyle Earth Elementalist on Dec 3, 2020.
             Was the Champion of Vehumet.
             Mangled by a profane servitor
             ... wielding a +3 whip of distortion
              (22 damage)
             ... on level 3 of the Crypt on Dec 5, 2020.
             The game lasted 03:57:07 (77157 turns).

Myrdon the Metallomancer (GrEE)                    Turns: 77157, Time: 03:57:07

Health: -11/168    AC: 44    Str: 23    XL:     27
Magic:  3/49       EV: 21    Int: 26    God:    Vehumet [******]
Gold:   3662       SH:  0    Dex: 10    Spells: 5/62 levels left

rFire    + . .     SeeInvis +   j - +9 dire flail (venom)
rCold    . . .     Faith    .   (shield currently unavailable)
rNeg     + . .     Spirit   .   p - +4 faerie dragon scales {rCorr Str+5 Clar}
rPois    ∞         Reflect  .   n - +2 hat {MR+}
rElec    +         Harm     .   A - +2 cloak {rCorr}
rCorr    +         Rampage  .   v - +2 pair of gloves {Str+3}
MR       +++..     Clarity  +   D - +2 pair of boots
Stlth    +.........             u - amulet of magic regeneration
HPRegen  0.38/turn              H - ring "Coivig" {rF+ EV+4}
MPRegen  0.56/turn              x - ring "Cablix" {Wiz rPois SInv}

@: about to teleport, flying, wreathed by umbra, studying Armour
A: big wings, beak, high mp 1, negative energy resistance 1, sense surroundings
1, electricity resistance, wild magic 1, unbreathing, petrification resistance,
rot immunity, MP-powered wands, AC +20
}: 3/15 runes: serpentine, barnacled, silver
a: Stop Flying, Renounce Religion


You were on level 3 of the Crypt.
You worshipped Vehumet.
Vehumet was exalted by your worship.
You visited 10 branches of the dungeon, and saw 47 of its levels.
You visited 1 bazaar.
You also visited: Bailey.

You collected 11398 gold pieces.
You spent 7736 gold pieces at shops.

Inventory:

Hand Weapons
 j - a +9 dire flail of venom (weapon)
 z - a +2 eveningstar of protection
Missiles
 C - 12 throwing nets (quivered)
Armour
 a - a +2 robe of the Archmagi
 n - a +2 hat of magic resistance (worn)
 p - the +4 faerie dragon scales (worn) {rCorr Str+5 Clar}
   (You took it off the Enchantress on level 4 of the Depths)

   It affects your strength (+5).
   It protects you against confusion.
   It provides partial protection from all sources of acid and corrosion.
 v - a +2 pair of gloves of strength (worn)
 A - a +2 cloak of preservation (worn)
 B - the +0 pair of boots of Freedom {Int+4}
   (You bought it in a shop on level 3 of the Depths)

   It affects your intelligence (+4).
 D - a +2 pair of boots (worn)
Jewellery
 m - a +6 ring of intelligence
 u - an amulet of magic regeneration (around neck)
 x - the ring "Cablix" (right hand) {Wiz rPois SInv}
   (You bought it in a shop on level 1 of the Depths)

   [ring of wizardry]

   It improves your spell success rate.
   It protects you from poison.
   It lets you see invisible.
 y - an uncursed ring of wizardry
 G - the ring "Cikludinyh" {rC+ rN+}
   (You found it on level 3 of the Elven Halls)

   [ring of protection from cold]

   It protects you from cold.
   It protects you from negative energy.
 H - the ring "Coivig" (left hand) {rF+ EV+4}
   (You found it on level 3 of the Elven Halls)

   [ring of evasion]

   It affects your evasion (+4).
   It protects you from fire.
 P - an uncursed ring of protection from fire
Wands
 w - a wand of digging (6)
 N - a wand of acid (30)
 R - a wand of iceblast (28)
 S - a wand of disintegration (37)
Scrolls
 b - 2 scrolls of enchant armour
 c - 8 scrolls of amnesia
 d - a scroll of summoning
 f - 11 scrolls of enchant weapon
 h - 23 scrolls of remove curse
 t - 20 scrolls of teleportation
 E - 6 scrolls of immolation
 F - 8 scrolls of fog
 M - 33 scrolls of identify
 O - 13 scrolls of magic mapping
 Q - 8 scrolls of blinking
Potions
 e - 14 potions of ambrosia
 g - 11 potions of heal wounds
 i - 23 potions of curing
 k - 9 potions of mutation
 l - 6 potions of resistance
 q - 9 potions of haste
 r - 11 potions of attraction
 s - 3 potions of invisibility
 J - 6 potions of cancellation
 L - 9 potions of brilliance
 T - a potion of berserk rage
 W - 11 potions of might
 Z - 6 potions of magic
Books
 K - a manual of Armour
Miscellaneous
 o - a box of beasts
 I - a tin of tremorstones (inert)
 V - a condenser vane (inert)
 X - a phantom mirror


   Skills:
 + Level 15.8 Fighting
 - Level 14.0 Maces & Flails
 - Level 6.0 Armour
 + Level 12.8 Dodging
 - Level 2.1 Stealth
 + Level 18.1 Spellcasting
 + Level 16.5 Conjurations
 + Level 6.1 Necromancy
 + Level 6.2 Transmutations
 + Level 19.8 Fire Magic
 - Level 22.0 Earth Magic
 - Level 10.0 Evocations


You had 5 spell levels left.
You knew the following spells:

 Your Spells              Type           Power        Failure   Level
a - Shatter               Erth           ########..   4%          9
b - Stone Arrow           Conj/Erth      ######       1%          3
c - Lee's Rapid Deconstr  Erth           ########..   1%          5
d - Iron Shot             Conj/Erth      ########..   1%          6
e - Bolt of Magma         Conj/Fire/Erth ########..   1%          5
f - Passwall              Tmut/Erth      #######.     1%          2
g - Ignition              Fire           ########..   1%          8
h - Irradiate             Conj/Tmut      #######...   1%          5
i - Borgnjor's Vile Clut  Necr/Erth      #######...   1%          5
j - Fire Storm            Conj/Fire      ########..   17%         9

Your spell library contained the following spells:

 Spells                   Type           Power        Failure   Level
 Tornado                  Air            ####......   100%        9
 Animate Skeleton         Necr           ######       1%          1
 Apportation              Tloc           ####..       1%          1
 Corona                   Hex            ####...      1%          1
 Foxfire                  Conj/Fire      ####         1%          1
 Freeze                   Ice            ####         1%          1
 Magic Dart               Conj           ####         1%          1
 Pain                     Necr           ####         1%          1
 Sandblast                Erth           ######       1%          1
 Shock                    Conj/Air       ####         1%          1
 Summon Small Mammal      Summ           ####         1%          1
 Corpse Rot               Necr/Air       N/A          1%          2
 Conjure Flame            Conj/Fire      ########     1%          3
 Dazzling Flash           Conj/Hex       ######       1%          3
 Frozen Ramparts          Ice            ####..       1%          3
 Ignite Poison            Fire/Tmut/Pois ######..     1%          3
 Inner Flame              Hex/Fire       #######.     1%          3
 Mephitic Cloud           Conj/Pois/Air  ######..     1%          3
 Spider Form              Tmut/Pois      ######....   1%          3
 Static Discharge         Conj/Air       ######..     1%          3
 Vampiric Draining        Necr           ######....   1%          3
 Animate Dead             Necr           ######....   1%          4
 Dispel Undead            Necr           ######..     1%          4
 Hailstorm                Conj/Ice       ######..     1%          4
 Leda's Liquefaction      Hex/Erth       #######...   1%          4
 Petrify                  Tmut/Erth      #######.     1%          4
 Lightning Bolt           Conj/Air       ######....   1%          5
 Blink                    Tloc           N/A          2%          2
 Call Imp                 Summ           ####....     2%          2
 Ensorcelled Hibernation  Hex/Ice        ####..       2%          2
 Slow                     Hex            ####....     2%          2
 Swiftness                Air            ####....     2%          2
 Agony                    Necr           ######..     3%          5
 Excruciating Wounds      Necr           ######....   3%          5
 Yara's Violent Unravell  Hex/Tmut       ######....   3%          5
 Call Canine Familiar     Summ           ####....     4%          3
 Confusing Touch          Hex            ####....     4%          3
 Gell's Gravitas          Tloc           ####......   4%          3
 Lesser Beckoning         Tloc           ####......   4%          3
 Ozocubu's Armour         Ice            ####....     4%          3
 Portal Projectile        Hex/Tloc       ####..       4%          3
 Summon Guardian Golem    Hex/Summ       ####....     4%          3
 Tukima's Dance           Hex            ####....     4%          3
 Airstrike                Air            ####......   4%          4
 Alistair's Intoxication  Tmut/Pois      ######...    11%         5
 Cause Fear               Hex            ####......   13%         4
 Summon Ice Beast         Ice/Summ       ####....     13%         4
 Summon Lightning Spire   Summ/Air       ####....     13%         4
 Metabolic Englaciation   Hex/Ice        ####......   32%         5
 Silence                  Hex/Air        ####......   32%         5
 Summon Demon             Summ           ####......   32%         5
 Summon Forest            Summ/Tloc      ####......   32%         5
 Summon Mana Viper        Hex/Summ       ####....     32%         5
 Starburst                Conj/Fire      ########..   1%          6
 Death Channel            Necr           ######....   16%         6
 Hydra Form               Tmut           ######....   16%         6
 Ozocubu's Refrigeration  Ice            ####......   38%         6
 Eringya's Noxious Bog    Tmut/Pois      ######....   45%         6
 Simulacrum               Ice/Necr       ######....   45%         6
 Dragon Form              Tmut           ######....   58%         7
 Invisibility             Hex            ####....     85%         6
 Shadow Creatures         Summ           N/A          85%         6
 Haunt                    Necr/Summ      ######....   93%         7
 Borgnjor's Revivificati  Necr           ######....   99%         8
 Infestation              Necr           ######....   99%         8
 Necromutation            Tmut/Necr      ######....   99%         8
 Malign Gateway           Summ/Tloc      ####......   100%        7
 Monstrous Menagerie      Summ           ####......   100%        7
 Summon Greater Demon     Summ           ####......   100%        7
 Summon Hydra             Summ           ####......   100%        7
 Discord                  Hex            ####......   100%        8
 Summon Horrible Things   Summ           ####......   100%        8
 Death's Door             Necr           ######....   100%        9
 Sublimation of Blood     Necr           Unusable     N/A         2
 Statue Form              Tmut/Erth      Unusable     N/A         6

Dungeon Overview and Level Annotations

Branches:
Dungeon (15/15)            Temple (1/1) D:5            Lair (6/6) D:11
 Shoals (4/4) Lair:4        Snake (4/4) Lair:2        Slime (0/5) Lair:6
    Orc (2/2) D:9             Elf (3/3) Orc:2        Vaults (5/5) D:13
  Crypt (3/3) Vaults:3       Tomb (0/3) Crypt:3      Depths (4/5) D:15
 Bailey (visited)

Altars:
Ashenzari
Dithmenos
Fedhas
Gozag
Kikubaaqudgha
Makhleb
Nemelex Xobeh
Ru
Sif Muna
Trog
Uskayaw
Vehumet
Wu Jian
Yredelemnul
Zin
The Shining One
Beogh
Jiyva

Shops:
D:15 *   Orc:2 *=[(   Elf:2 [   Snake:2 (=(   Snake:3 }=}   Snake:4 (
Vaults:2 (   Vaults:5 ?!!(=?([   Depths:1 [=}*   Depths:2 [?:[   Depths:3 [!}(

Portals:
Hell: Depths:1 Depths:2 Depths:3 Depths:4
Abyss: Depths:4
Pandemonium: Depths:2 Depths:3 Depths:4
Ziggurat: Depths:2

Annotations:
Elf:2 3 runed translucent doors


Innate Abilities, Weirdness & Mutations

You are resistant to torment.
Your stone body is resilient. (AC +20)
You are immune to poison.
Your large and strong wings let you fly indefinitely.
You resist negative energy. (rN+)
You are resistant to electric shocks. (rElec)
You can survive without breathing.
You are immune to petrification.
You are immune to rotting.
You have a beak for a mouth.
You have an increased reservoir of magic. (+10% MP)
You passively map a small area around you.
Your spells are a little harder to cast, but a little more powerful.
You expend magic power (3 MP) to strengthen your wands.


Message History

You feel strangely unstable.
The profane servitor is engulfed in freezing vapours.
The profane servitor hits you with a +3 whip of distortion!
* * * LOW HITPOINT WARNING * * *
Space warps horribly around you!!
* * * LOW HITPOINT WARNING * * *
The profane servitor hits you but does no damage.
A skeletal warrior comes into view. It is wielding a +0 bardiche.
The vampire knight is engulfed in freezing vapours.
The vampire knight hits you with the +8 scythe of Action {flame, rF+ Str+2}!
* * * LOW HITPOINT WARNING * * *
The vampire knight burns you.
* * * LOW HITPOINT WARNING * * *
The vampire knight bites you but does no damage.
The soul eater misses you.
The profane servitor is engulfed in freezing vapours.
The profane servitor barely misses you.
The profane servitor hits you but does no damage.
Space warps horribly around you!!
You die...

#...#.#...)......)..#******,*
#..#.**#.#........z.#******,*
#..##.,,#.....).....#*...#*,*
#..#..⌠,#.......#....#.⌠.#*,*
####..##...#............#...#*,*
......##....#.....)...#.#...#*,**
......##.....).$§§§..)......#*,,,
.....)##........§3§§§§§.....#*,**
......#........#@A§§§§#.....#*,*
......##......§V#§§§#.§.....#*,*
......#.......§§###.........#*,*
......##........* ##.)......#*,*
......##.........**#........#*,*
......#*.......##,,##.......#*,*
,,,,,,**.......#,,,,###.....#*,**
,,,,,,***......+,,,,+,.....##*,,,
,,,,,,* **,,,,,+,,,,+,....## *,,,


You could see a profane servitor, a vampire knight (fast, invisible), a skeletal
warrior and a soul eater.

Vanquished Creatures
  A juggernaut (Depths:4)
  A royal mummy (Depths:1)
  Boris (4 times) (Vaults:2 Depths:1 Depths:4 Crypt:1)
  Vashnia (Snake:2)
  A curse toe (Crypt:3)
  A caustic shrike (Depths:4)
  A golden dragon (Vaults:5)
  Nikola (Snake:4)
  the Enchantress (Depths:4)
  5 liches
  A hellephant (Vaults:4)
  4 tentacled monstrosities
  6 titans
  2 deep elf master archers (Elf:3)
  A quicksilver dragon (Depths:2)
  2 deep elf blademasters (Elf:3)
  Gastronok (D:12)
  13 ancient champions
  Kirke (Lair:5)
  Polyphemus (Shoals:4)
  12 sphinxes
  6 tengu reavers
  13 nagarajas
  4 shadow dragons
  2 revenants
  A storm dragon (Depths:2)
  13 vault wardens
  7 deep elf sorcerers
  19 frost giants
  A ghost moth (shapeshifter) (Depths:4)
  The ghost of Faevofo the Thaumaturge, an adept OpVM of Sif Muna (Shoals:3)
  10 fire giants
  A frost giant (shapeshifter) (Vaults:5)
  2 iron dragons
  2 orc warlords
  6 deep elf elementalists
  Louise (D:15)
  8 very ugly things
  2 curse skulls
  A war gargoyle (Vaults:5)
  21 ghouls
  7 spriggan defenders (Depths:4)
  3 reapers
  12 ironheart preservers
  A juggernaut skeleton (Crypt:3)
  15 stone giants
  11 deep elf annihilators
  12 vampire knights
  7 deep elf demonologists
  A dire elephant (shapeshifter) (Depths:1)
  Azrael (D:13)
  2 eidola
  11 deep elf death magi
  5 merfolk javelineers
  13 ettins
  8 jiangshi
  7 merfolk impalers
  The ghost of Conn the Covert, a journeyman OpFE of Vehumet (D:12)
  13 yaktaur captains
  7 deep elf high priests
  7 fire dragons
  Josephine (D:13)
  20 naga warriors
  26 vault guards
  8 great orbs of eyes
  11 hydras
  8 ice dragons
  A spriggan air mage (Depths:4)
  14 boulder beetles
  4 rakshasas
  16 centaur warriors
  6 anacondas
  A quicksilver dragon skeleton (Crypt:2)
  11 ogre magi
  Erica (D:15)
  3 catoblepae
  6 merfolk avatars
  2 death knights
  43 two-headed ogres
  8 merfolk aquamancers
  A satyr (Shoals:4)
  3 deep troll shamans
  An alligator snapping turtle (Shoals:4)
  3 tengu warriors
  2 orc high priests
  6 spriggan berserkers
  7 death yaks
  2 deep troll earth magi
  8 vampire magi
  13 dancing weapons
  A titan zombie (Crypt:2)
  14 hell knights (Vaults:4)
  12 shock serpents
  19 naga sharpshooters
  10 deep elf knights
  A soul eater (Crypt:2)
  Urug (D:15)
  2 iron trolls (Depths:1)
  2 salamander mystics
  A titan skeleton (Crypt:1)
  An iron troll (shapeshifter) (Depths:4)
  4 shadow wraiths
  A deep troll (shapeshifter) (Depths:4)
  30 skeletal warriors
  10 flayed ghosts
  2 golden dragon zombies (Depths:1)
  A spark wasp zombie (Depths:3)
  17 sea snakes
  3 unseen horrors
  A gelid demonspawn (Depths:2)
  22 deep trolls
  6 bog bodies
  3 glowing orange brains
  A spriggan druid (Depths:4)
  7 deep elf archers
  A spectral wolf spider (D:12)
  2 wizards
  4 harpies
  14 ironbrand convokers
  4 necromancers
  A tengu zombie (Depths:3)
  13 mana vipers
  8 naga ritualists
  An iron dragon zombie (Depths:1)
  A wolf spider zombie (D:14)
  23 orc knights
  Pikel (D:5)
  4 wolf spiders
  3 large abominations (Elf:1)
  15 phantasmal warriors
  An orb spider (shapeshifter) (Vaults:4)
  A mana viper (shapeshifter) (Vaults:5)
  2 frost giant zombies
  6 fauns
  A stone giant zombie (Depths:3)
  10 orc sorcerers
  18 slime creatures
  A fire giant zombie (Depths:1)
  34 ugly things
  38 deep elf magi
  4 oklob plants (Lair:5)
  2 salamanders (shapeshifter)
  9 cyclopes
  A spectral centaur (D:12)
  A moth of wrath (Shoals:3)
  13 salamanders
  17 vault sentinels
  12 manticores
  18 black mambas
  8 elephants
  7 water nymphs
  A stone giant skeleton (Crypt:2)
  4 merfolk sirens
  Maurice (D:10)
  7 guardian serpents
  A torpor snail (Lair:4)
  24 naga magi
  An orange demon (Depths:2)
  15 cane toads
  A gargoyle (D:14)
  Psyche (D:11)
  A spectral redback (D:12)
  A hellion (Vaults:4)
  5 kobold demonologists
  A yaktaur (shapeshifter) (Depths:1)
  A yellow draconian zombie (Crypt:3)
  An elf skeleton (Depths:3)
  2 yaktaur zombies
  41 yaktaurs
  12 komodo dragons
  9 rime drakes
  A queen bee (Lair:2)
  8 freezing wraiths
  A tengu conjurer (D:15)
  4 trolls
  A catoblepas skeleton (Crypt:2)
  8 guardian mummies
  A jumping spider (shapeshifter) (Vaults:1)
  A queen bee (shapeshifter) (Vaults:4)
  4 polar bears
  7 wind drakes
  25 merfolk
  A wind drake (shapeshifter) (Vaults:5)
  3 fire dragon zombies
  13 hornets
  A spectral meliai (D:12)
  A hydra skeleton (Crypt:2)
  A raiju (shapeshifter) (Vaults:2)
  A sphinx simulacrum (Depths:3)
  20 blink frogs
  An ettin zombie (Depths:1)
  A fire giant simulacrum (Crypt:3)
  8 snapping turtles
  14 dream sheep
  A deep troll zombie (Depths:1)
  2 ice dragon zombies (Depths:1)
  5 flying skulls (Crypt:1)
  2 centaur simulacra (D:12)
  Sigmund (D:3)
  15 wraiths
  26 water elementals
  A fire dragon skeleton (Crypt:1)
  31 spriggans
  5 air elementals
  A shadow (D:14)
  A redback (shapeshifter) (Vaults:3)
  A spriggan (shapeshifter) (Vaults:2)
  5 wyverns
  2 ynoxinuls (Depths:2)
  A basilisk (shapeshifter) (Vaults:2)
  4 fire elementals
  75 yaks
  Eustachio (D:5)
  4 hogs (Lair:5)
  A hog (shapeshifter) (Vaults:1)
  Grum (D:9)
  3 vampires
  5 basilisks
  A chaos spawn (Depths:2)
  12 steam dragons
  4 vampire mosquitoes (D:15)
  A redback simulacrum (D:12)
  7 wargs
  20 water moccasins
  3 acid dragons
  65 nagas
  4 hell hounds
  60 orc warriors
  5 ice beasts
  A sky beast (shapeshifter) (Vaults:2)
  A phantom (D:7)
  4 sky beasts
  A black bear (Lair:4)
  6 necrophages
  19 boggarts
  An eye of draining (D:11)
  A black mamba simulacrum (Crypt:2)
  32 ogres
  A blink frog zombie (Crypt:2)
  23 centaurs
  27 wolves
  A blink frog skeleton (Crypt:3)
  8 big kobolds
  A dream sheep skeleton (Crypt:3)
  2 elf zombies (Elf:1)
  A draconian zombie (Crypt:2)
  A rime drake skeleton (Crypt:1)
  17 bullfrogs
  2 gnoll sergeants
  2 earth elementals
  4 scorpions
  2 wyvern skeletons
  27 killer bees
  A queen bee zombie (Crypt:1)
  10 wights
  An electric eel (D:11)
  4 howler monkeys
  2 crimson imps (Depths:2)
  3 centaur zombies
  5 quasits
  A black bear zombie (Crypt:2)
  A demonspawn zombie (Crypt:2)
  2 iron imps (Depths:2)
  19 orc priests
  2 gnoll shamans
  A water moccasin simulacrum (D:9)
  Crazy Yiuf (D:3)
  13 hounds
  31 orc wizards
  A bullfrog skeleton (D:9)
  Jessica (D:3)
  7 centaur skeletons
  An iguana (D:4)
  A black bear skeleton (Crypt:1)
  A human skeleton (Crypt:2)
  11 worker ants
  A killer bee zombie (Crypt:1)
  A hound zombie (D:3)
  A hound skeleton (D:9)
  5 mummies (Depths:1)
  A howler monkey skeleton (D:9)
  A worker ant zombie (D:8)
  22 gnolls
  A steam dragon zombie (Crypt:3)
  19 adders
  2 shadow imps
  4 white imps
  2 ufetubi
  An ooze (D:1)
  An adder zombie (D:9)
  An adder skeleton (Crypt:1)
  An iguana skeleton (Crypt:1)
  A lava snake skeleton (Crypt:3)
  A worm (D:2)
  6 leopard geckos
  146 orcs
  4 ball pythons
  A bat skeleton (Crypt:1)
  4 giant cockroaches
  21 goblins
  22 hobgoblins
  30 jackals
  5 quokkas
  3 bats (D:2)
  8 frilled lizards
  A jackal skeleton (Crypt:1)
  40 kobolds
  6 rats
  15 bushes (Depths:4)
  16 butterflies (Vaults:4)
  4 fire vortices (Crypt:3)
2368 creatures vanquished.

Vanquished Creatures (others)
  A blink frog (Lair:5)
  A human (Lair:5)
  An orc warrior (Orc:1)
  136 bushes (Depths:4)
  A fire vortex (Crypt:3)
  43 fungi
  155 plants
  5 withered plants (D:15)
343 creatures vanquished.

Grand Total: 2711 creatures vanquished

Notes
Turn   | Place    | Note
-------+----------+-------------------------------------------
     0 | D:1      | Myrdon the Gargoyle Earth Elementalist began the quest for
                  | the Orb.
     0 | D:1      | Reached XP level 1. HP: 10/10 MP: 3/3
   209 | D:1      | Reached XP level 2. HP: 15/15 MP: 5/5
   218 | D:1      | Reached skill level 4 in Earth Magic
   715 | D:1      | Reached XP level 3. HP: 19/19 MP: 7/7
   719 | D:1      | Learned a level 3 spell: Stone Arrow
  1015 | D:2      | Reached skill level 1 in Conjurations
  1015 | D:2      | Reached XP level 4. HP: 11/24 MP: 5/8
  1380 | D:2      | Found an ancient bone altar of Kikubaaqudgha.
  1507 | D:2      | Found a faded altar of an unknown god.
  1805 | D:3      | Found a sacrificial altar of Ru.
  1805 | D:3      | Found a bloodstained altar of Trog.
  1816 | D:3      | Found a faded altar of an unknown god.
  1816 | D:3      | Noticed Jessica
  1818 | D:3      | Found a radiant altar of Vehumet.
  1819 | D:3      | Found a broken altar of Ashenzari.
  1822 | D:3      | Killed Jessica
  1823 | D:3      | Reached skill level 5 in Earth Magic
  1823 | D:3      | Reached XP level 5. HP: 28/28 MP: 9/9
  1842 | D:3      | Became a worshipper of Vehumet
  1938 | D:3      | Noticed Sigmund
  1951 | D:3      | Killed Sigmund
  1952 | D:3      | Reached XP level 6. HP: 32/32 MP: 3/11
  2013 | D:3      | Learned a level 5 spell: Lee's Rapid Deconstruction
  2025 | D:3      | Found a burning altar of Makhleb.
  2140 | D:3      | Reached skill level 6 in Earth Magic
  2142 | D:3      | Reached * piety under Vehumet
  2142 | D:3      | Offered knowledge of Shock by Vehumet.
  2477 | D:3      | Found a runed translucent door.
  2478 | D:3      | Noticed Crazy Yiuf
  2485 | D:3      | Killed Crazy Yiuf
  2905 | D:4      | Reached XP level 7. HP: 33/36 MP: 13/13
  3763 | D:4      | Gained mutation: You do not regenerate when monsters are
                  | visible. [potion of mutation]
  3763 | D:4      | Gained mutation: You possess an exceptional clarity of
                  | mind. [potion of mutation]
  3783 | D:5      | Entered Level 5 of the Dungeon
  3852 | D:5      | Reached ** piety under Vehumet
  3852 | D:5      | Offered knowledge of Searing Ray by Vehumet.
  3990 | D:5      | Reached skill level 7 in Earth Magic
  4085 | D:5      | Reached skill level 5 in Spellcasting
  4085 | D:5      | Reached XP level 8. HP: 37/42 MP: 15/15
  4217 | D:5      | Noticed Eustachio
  4218 | D:5      | Found a runed translucent door.
  4229 | D:5      | Killed Eustachio
  4230 | D:5      | Reached skill level 1 in Fighting
  4230 | D:5      | Reached skill level 1 in Armour
  4268 | D:5      | Lost mutation: You possess an exceptional clarity of mind.
                  | [potion of mutation]
  4268 | D:5      | Gained mutation: Your skin changes colour to match your
                  | surroundings (Stealth+). [potion of mutation]
  4268 | D:5      | Gained mutation: Your muscles are strong. (Str +2) [potion
                  | of mutation]
  4268 | D:5      | Gained mutation: You have a pair of small horns on your
                  | head. [potion of mutation]
  4290 | D:5      | Reached skill level 1 in Maces & Flails
  4290 | D:5      | Reached skill level 1 in Evocations
  4298 | D:5      | Reached skill level 5 in Conjurations
  4530 | D:5      | Found a roughly hewn altar of Beogh.
  4597 | D:5      | Offered knowledge of Frozen Ramparts by Vehumet.
  4739 | D:5      | Noticed Pikel
  4768 | D:5      | Killed Pikel
  4769 | D:5      | Reached XP level 9. HP: 11/49 MP: 11/17
  5046 | D:5      | Got a slimy leather armour
  5057 | D:5      | Identified the +7 leather armour of the Elven Halls {rPois}
                  | (You found it on level 5 of the Dungeon)
  5186 | D:5      | Found a staircase to the Ecumenical Temple.
  5326 | Temple   | Entered the Ecumenical Temple
  5858 | D:6      | Found a blossoming altar of Fedhas.
  5878 | D:6      | Reached *** piety under Vehumet
  5981 | D:6      | Found an ornate altar of the Wu Jian Council.
  6359 | D:7      | Found a hide-covered altar of Uskayaw.
  6539 | D:7      | Reached skill level 8 in Earth Magic
  6612 | D:7      | Found a sacrificial altar of Ru.
  6666 | D:7      | Offered knowledge of Airstrike by Vehumet.
  6715 | D:7      | Found a sparkling altar of Nemelex Xobeh.
  6716 | D:7      | Found a basalt altar of Yredelemnul.
  6716 | D:7      | Found a glowing golden altar of the Shining One.
  6716 | D:7      | Found a broken altar of Ashenzari.
  7082 | D:7      | Noticed a six-headed hydra
  7083 | D:7      | Noticed a boulder beetle
  7095 | D:7      | Killed a six-headed hydra
  7096 | D:7      | Reached XP level 10. HP: 47/57 MP: 8/19
  7110 | D:7      | Killed an unseen horror
  7112 | D:7      | Killed a boulder beetle
  7269 | D:7      | Got a wavering iron ring
  7271 | D:7      | Identified the ring of Untruth {+Fly rPois} (You found it
                  | on level 7 of the Dungeon)
  7702 | D:8      | Reached skill level 5 in Armour
  7752 | D:8      | Reached **** piety under Vehumet
  7776 | D:8      | Found a shimmering blue altar of Sif Muna.
  7794 | D:8      | Reached skill level 9 in Earth Magic
  7902 | D:8      | Offered knowledge of Bolt of Magma by Vehumet.
  7938 | D:8      | Learned a level 5 spell: Bolt of Magma
  8006 | D:8      | Identified the Incunabulum of the Arsonist and Attacks
  8032 | D:8      | Learned a level 2 spell: Passwall
  8098 | D:8      | Reached skill level 5 in Fighting
  8810 | D:9      | Reached XP level 11. HP: 26/63 MP: 21/21
  9123 | D:9      | Identified the ring "Usseusm" {rPois rF+ Str-4 Int+4 Dex+6}
  9355 | D:9      | Noticed Grum
  9377 | D:9      | Killed Grum
  9378 | D:9      | Reached skill level 5 in Maces & Flails
  9559 | D:9      | Found an opulent altar of Gozag.
  9697 | D:9      | Found a staircase to the Orcish Mines.
 10161 | D:9      | Upgraded the game from 0.26-a0-966-gd078a86f14 to
                  | 0.26-a0-969-g2c58977ddd
 10180 | D:10     | Entered Level 10 of the Dungeon
 10800 | D:10     | Noticed a two-headed ogre
 10806 | D:10     | Killed a two-headed ogre
 11067 | D:10     | Reached skill level 1 in Fire Magic
 11069 | D:10     | Reached ***** piety under Vehumet
 11069 | D:10     | Offered knowledge of Iron Shot by Vehumet.
 11077 | D:10     | Learned a level 6 spell: Iron Shot
 11466 | D:11     | Noticed Maurice
 11785 | D:10     | Killed Maurice
 11933 | D:11     | Reached skill level 5 in Dodging
 11933 | D:11     | Reached skill level 5 in Evocations
 12326 | D:11     | Found a staircase to the Lair.
 12331 | D:11     | Lost mutation: You do not regenerate when monsters are
                  | visible. [potion of mutation]
 12331 | D:11     | Lost mutation: Your muscles are strong. (Str +2) [potion of
                  | mutation]
 12331 | D:11     | Lost mutation: You have a pair of small horns on your head.
                  | [potion of mutation]
 12331 | D:11     | Lost mutation: Your skin changes colour to match your
                  | surroundings (Stealth+). [potion of mutation]
 12331 | D:11     | Gained mutation: You are covered in fur. (AC +1) [potion of
                  | mutation]
 12331 | D:11     | Gained mutation: You have sharp toenails. [potion of
                  | mutation]
 12331 | D:11     | Gained mutation: Potions are less effective at restoring
                  | your health. [potion of mutation]
 12331 | D:11     | Gained mutation: You passively map a small area around you.
                  | [potion of mutation]
 12413 | D:11     | Noticed Psyche
 12423 | D:11     | Killed Psyche
 12521 | D:11     | You fall into a shaft and drop 3 floors!
 12522 | D:14     | Noticed a fire dragon
 12528 | D:14     | Killed a fire dragon
 12568 | D:14     | Noticed a brown ugly thing
 12568 | D:14     | Noticed a brown ugly thing
 12568 | D:14     | Noticed a four-headed hydra
 12584 | D:14     | Killed a brown ugly thing
 12584 | D:14     | Noticed a brown ugly thing
 12590 | D:14     | Noticed a brown ugly thing
 12592 | D:14     | Noticed a brown ugly thing
 12593 | D:14     | Killed a brown ugly thing
 12594 | D:14     | Reached XP level 12. HP: 71/71 MP: 5/23
 12621 | D:13     | Noticed a centaur warrior
 12626 | D:13     | Noticed a centaur warrior
 12701 | D:13     | Killed a centaur warrior
 12702 | D:13     | Reached skill level 10 in Earth Magic
 13179 | D:13     | Noticed a two-headed ogre
 13183 | D:13     | Killed a two-headed ogre
 13184 | D:13     | Killed a centaur warrior
 13346 | D:12     | Found a runed translucent gate.
 13346 | D:12     | Found a runed translucent gate.
 13381 | D:12     | Found a flagged portal.
 13389 | Bailey   | Entered a bailey
 14014 | Bailey   | Noticed an orc warlord
 14026 | Bailey   | Killed an orc warlord
 14131 | Bailey   | Identified 2 scrolls of acquirement
 14131 | Bailey   | Acquired a book of Transfigurations
 14139 | Bailey   | Learned a level 5 spell: Irradiate
 14140 | Bailey   | Acquired a +0 pair of gloves of strength
 14170 | D:12     | Offered knowledge of Fulminant Prism by Vehumet.
 14188 | D:12     | Noticed Gastronok
 14202 | D:12     | Killed Gastronok
 14989 | D:11     | Reached XP level 13. HP: 70/76 MP: 25/25
 15448 | D:12     | Found a runed translucent gate.
 15448 | D:12     | Noticed Conn's ghost (journeyman OpFE)
 15469 | D:12     | Killed Conn's ghost
 16129 | D:13     | Reached skill level 5 in Fire Magic
 16293 | D:13     | Offered knowledge of Spellforged Servitor by Vehumet.
 16418 | D:13     | Noticed Azrael
 16821 | D:12     | Reached skill level 11 in Earth Magic
 16965 | D:13     | HP: 2/78 [Azrael/+0 scimitar of flaming (3)]
 16966 | D:13     | Killed Azrael
 18225 | D:13     | Found a gate to the Vaults.
 18363 | D:13     | Noticed Josephine
 18368 | D:13     | Killed Josephine
 18552 | D:13     | Lost mutation: You have sharp toenails. [potion of
                  | mutation]
 18552 | D:13     | Lost mutation: Potions are less effective at restoring your
                  | health. [potion of mutation]
 18552 | D:13     | Gained mutation: You are frail. (-10% HP) [potion of
                  | mutation]
 18552 | D:13     | Gained mutation: You have sharp toenails. [potion of
                  | mutation]
 18966 | D:14     | Found a broken altar of Ashenzari.
 18995 | D:14     | Gained mutation: Your large and strong wings let you fly
                  | indefinitely. [Gargoyle growth]
 18995 | D:14     | Reached XP level 14. HP: 75/75 MP: 17/27
 19006 | D:14     | Reached skill level 10 in Conjurations
 19976 | Lair:1   | Entered Level 1 of the Lair of Beasts
 20352 | Lair:1   | Offered knowledge of Fireball by Vehumet.
 21610 | Lair:2   | Found a staircase to the Snake Pit.
 22439 | Lair:3   | Reached skill level 12 in Earth Magic
 22585 | Lair:3   | Reached ****** piety under Vehumet
 23713 | Lair:4   | Reached XP level 15. HP: 73/81 MP: 28/28
 23799 | Lair:4   | Offered knowledge of Conjure Ball Lightning by Vehumet.
 23932 | Lair:4   | Found a staircase to the Shoals.
 24555 | Lair:5   | Lost mutation: You are frail. (-10% HP) [potion of
                  | mutation]
 24555 | Lair:5   | Lost mutation: You are covered in fur. (AC +1) [potion of
                  | mutation]
 24555 | Lair:5   | Lost mutation: You have sharp toenails. [potion of
                  | mutation]
 24555 | Lair:5   | Gained mutation: You expend magic power (3 MP) to
                  | strengthen your wands. [potion of mutation]
 24555 | Lair:5   | Gained mutation: Your spells are a little harder to cast,
                  | but a little more powerful. [potion of mutation]
 24555 | Lair:5   | Gained mutation: You have a beak for a mouth. [potion of
                  | mutation]
 24555 | Lair:5   | Gained mutation: You have an increased reservoir of magic.
                  | (+10% MP) [potion of mutation]
 24940 | Lair:5   | Noticed Kirke
 24954 | Lair:5   | Killed Kirke
 24955 | Lair:5   | Reached skill level 10 in Spellcasting
 24970 | Lair:5   | Reached skill level 10 in Fighting
 25558 | Lair:5   | Identified the Almanac of Darkness and Battle Magic
 26020 | Lair:5   | Got a steaming pewter ring
 26021 | Lair:5   | Identified the ring "Biro" {Str+2 Dex+6 Stlth+} (You found
                  | it on level 5 of the Lair of Beasts)
 26230 | Lair:6   | Entered Level 6 of the Lair of Beasts
 26885 | Lair:6   | Offered knowledge of Freezing Cloud by Vehumet.
 27346 | Lair:6   | Reached XP level 16. HP: 53/98 MP: 33/33
 28102 | Lair:6   | Found a viscous altar of Jiyva.
 28102 | Lair:6   | Found a staircase to the Slime Pits.
 28368 | Lair:6   | Identified the Disquisition on Earth and Envenoming
 28729 | Orc:1    | Entered Level 1 of the Orcish Mines
 28778 | Orc:1    | Reached skill level 10 in Fire Magic
 29526 | Orc:2    | Entered Level 2 of the Orcish Mines
 29527 | Orc:2    | Found a staircase to the Elven Halls.
 29700 | Orc:2    | Offered knowledge of Lehudib's Crystal Spear by Vehumet.
 31090 | Orc:2    | Found Sexego Qomi's Antique Armour Shoppe.
 31101 | Orc:2    | Found Ebiom's General Store.
 31109 | Orc:2    | Bought a potion of curing for 39 gold pieces
 31109 | Orc:2    | Bought a scroll of magic mapping for 45 gold pieces
 31109 | Orc:2    | Bought a potion of ambrosia for 104 gold pieces
 31117 | Orc:2    | Found Yxokoeli's Jewellery Shoppe.
 31196 | Orc:2    | Learned a level 8 spell: Ignition
 31224 | Orc:2    | Found Puptuwij's Antique Weapon Shop.
 31226 | Orc:2    | Paralysed by an orc sorcerer for 3 turns
 31785 | D:15     | Entered Level 15 of the Dungeon
 31990 | D:15     | Found a staircase to the Depths.
 32012 | D:15     | Offered knowledge of Fire Storm by Vehumet.
 32012 | D:15     | Offered knowledge of Shatter by Vehumet.
 32012 | D:15     | Offered knowledge of Tornado by Vehumet.
 32726 | D:15     | Found Newoor's Changing Room.
 32836 | D:15     | Noticed Erica
 32836 | D:15     | Noticed Urug
 32838 | D:15     | Killed Urug
 32841 | D:15     | Noticed Louise
 32842 | D:15     | Killed Erica
 32855 | D:15     | Killed Louise
 33617 | Snake:1  | Entered Level 1 of the Snake Pit
 33761 | Snake:1  | Reached XP level 17. HP: 61/103 MP: 36/36
 33958 | Snake:1  | You are sucked into a shaft and drop 1 floor!
 35681 | Snake:2  | Found Edyock's Antique Weapon Emporium.
 35682 | Snake:2  | Found Houpp's Weapon Emporium.
 35687 | Snake:2  | Found Dapetux's Jewellery Emporium.
 35696 | Snake:2  | Found Piumpes's Distillery.
 35702 | Snake:2  | Bought a potion of mutation for 136 gold pieces
 35702 | Snake:2  | Bought 2 potions of resistance for 340 gold pieces
 35702 | Snake:2  | Bought a potion of curing for 51 gold pieces
 35702 | Snake:2  | Bought a potion of curing for 51 gold pieces
 35702 | Snake:2  | Bought a potion of magic for 136 gold pieces
 35702 | Snake:2  | Bought a potion of might for 68 gold pieces
 35702 | Snake:2  | Bought 2 potions of haste for 340 gold pieces
 35702 | Snake:2  | Bought a potion of curing for 51 gold pieces
 35702 | Snake:2  | Bought a potion of heal wounds for 85 gold pieces
 36150 | Snake:2  | Noticed Vashnia
 36156 | Snake:2  | Killed Vashnia
 36449 | Snake:2  | Acquired 1024 gold pieces
 38076 | Snake:3  | Found Zaguwol's Gadget Emporium.
 38076 | Snake:3  | Found Olezxus's Jewellery Boutique.
 38077 | Snake:3  | Found Dudygy's Gadget Emporium.
 38250 | Snake:3  | Reached XP level 18. HP: 83/108 MP: 39/39
 38563 | Shoals:1 | Entered Level 1 of the Shoals
 41426 | Shoals:2 | Reached skill level 15 in Fire Magic
 41757 | Shoals:3 | Found a transporter.
 41758 | Shoals:3 | Found a transporter.
 41765 | Shoals:3 | Identified the +6 trident "Myh Pou" {antimagic, +Blink
                  | rElec MR+}
 41769 | Shoals:3 | Noticed Faevofo's ghost (adept OpVM)
 41781 | Shoals:3 | Identified the +9 trident of Watchfulness {flame, rPois rC+
                  | Str+4 Stlth+}
 41786 | Shoals:3 | Found a bloodstained altar of Trog.
 41841 | Shoals:3 | Killed Faevofo's ghost
 42425 | Shoals:4 | Entered Level 4 of the Shoals
 43579 | Shoals:4 | Reached skill level 15 in Spellcasting
 43640 | Shoals:4 | Identified the cursed +3 rapier of Oci Mujumn {drain, rPois
                  | rN++ Str-5 Int+3}
 43871 | Shoals:4 | Got a barnacled rune of Zot
 44157 | Shoals:4 | Identified the Grimoire of Poisoning and the Frostbite
 44224 | Shoals:4 | Noticed Polyphemus
 44230 | Shoals:4 | Killed Polyphemus
 44302 | Shoals:4 | Reached XP level 19. HP: 58/113 MP: 38/42
 44865 | Shoals:4 | Got a scintillating bronze amulet
 44866 | Shoals:4 | Identified the amulet "Detuecwimaer" {Faith Str+3 Slay+3}
                  | (You found it on level 4 of the Shoals)
 45498 | Snake:4  | Entered Level 4 of the Snake Pit
 45543 | Snake:4  | Found Ufomuf's Weapon Shop.
 45543 | Snake:4  | Noticed Nikola
 45552 | Snake:4  | Killed Nikola
 45661 | Snake:4  | Found a shadowy altar of Dithmenos.
 47025 | Snake:4  | Reached skill level 13 in Earth Magic
 47732 | Snake:4  | Reached skill level 10 in Maces & Flails
 49338 | Snake:4  | Got a serpentine rune of Zot
 49648 | Elf:1    | Entered Level 1 of the Elven Halls
 49657 | Elf:1    | Reached XP level 20. HP: 117/119 MP: 38/43
 50332 | Elf:1    | Reached skill level 14 in Earth Magic
 50730 | Elf:1    | Identified the Incunabulum of Levity
 51114 | Elf:2    | Found Afruro's Armour Shoppe.
 51312 | Elf:2    | Found a runed translucent gate.
 51312 | Elf:2    | Found a runed translucent gate.
 51326 | Elf:2    | Found a runed translucent gate.
 51951 | Elf:3    | Entered Level 3 of the Elven Halls
 52433 | Elf:3    | Identified the Incunabulum of Evil Magic
 52490 | Elf:3    | Got a scintillating lapis lazuli ring
 52491 | Elf:3    | Identified the ring "Cikludinyh" {rC+ rN+} (You found it on
                  | level 3 of the Elven Halls)
 52498 | Elf:3    | Got a steaming golden ring
 52499 | Elf:3    | Identified the ring "Coivig" {rF+ EV+4} (You found it on
                  | level 3 of the Elven Halls)
 52592 | Elf:3    | Identified the cursed +3 quarterstaff "Death Rattle"
                  | {vorpal, rPois} (You found it on level 3 of the Elven
                  | Halls)
 52672 | Elf:3    | Identified the Grimoire of Fiery Beguiling
 52710 | Elf:3    | Got a crude iron ring
 52711 | Elf:3    | Identified the ring "Tis Ywk" {Fire rElec MR+ Slay+3} (You
                  | found it on level 3 of the Elven Halls)
 55038 | Vaults:1 | Entered Level 1 of the Vaults
 55106 | Vaults:1 | Reached skill level 10 in Evocations
 55154 | Vaults:1 | Reached skill level 15 in Earth Magic
 55541 | Vaults:1 | Reached XP level 21. HP: 124/126 MP: 45/45
 57507 | Vaults:2 | Noticed Boris
 57515 | Vaults:2 | Killed Boris
 58386 | Vaults:2 | Reached skill level 16 in Earth Magic
 58387 | Vaults:2 | Reached skill level 10 in Dodging
 59084 | Vaults:2 | Found the +8 glaive of the Guard {elec, +Rage AC+5 SInv}
 59252 | Vaults:2 | Found Goguilub's Antique Weapon Boutique.
 59383 | Vaults:2 | Reached XP level 22. HP: 133/133 MP: 46/46
 60341 | Vaults:3 | Found a basalt altar of Yredelemnul.
 60353 | Vaults:3 | Found a staircase to the Crypt.
 60358 | Vaults:3 | Found an ancient bone altar of Kikubaaqudgha.
 62064 | Vaults:4 | Reached skill level 17 in Earth Magic
 62090 | Vaults:4 | Found a huge runed gate.
 62090 | Vaults:4 | Found a huge runed gate.
 62096 | Vaults:4 | Found a huge runed gate.
 62097 | Vaults:4 | Found a huge runed gate.
 62138 | Vaults:4 | Found a huge runed gate.
 62139 | Vaults:4 | Found a huge runed gate.
 62163 | Vaults:4 | Found a huge runed gate.
 62365 | Vaults:4 | Found a huge runed gate.
 62366 | Vaults:4 | Found a huge runed gate.
 62366 | Vaults:4 | Found a huge runed gate.
 62366 | Vaults:4 | Found a huge runed gate.
 62366 | Vaults:4 | Found a huge runed gate.
 62366 | Vaults:4 | Found a huge runed gate.
 62366 | Vaults:4 | Found a huge runed gate.
 62366 | Vaults:4 | Found a huge runed gate.
 62367 | Vaults:4 | Found a huge runed gate.
 62367 | Vaults:4 | Found a huge runed gate.
 62539 | Vaults:4 | Found a huge runed gate.
 62539 | Vaults:4 | Found a huge runed gate.
 62540 | Vaults:4 | Found a huge runed gate.
 62541 | Vaults:4 | Found a huge runed gate.
 62541 | Vaults:4 | Found a huge runed gate.
 62541 | Vaults:4 | Found a huge runed gate.
 62542 | Vaults:4 | Found a huge runed gate.
 62542 | Vaults:4 | Found a huge runed gate.
 62542 | Vaults:4 | Found a huge runed gate.
 62548 | Vaults:4 | Found a huge runed gate.
 62548 | Vaults:4 | Found a huge runed gate.
 62548 | Vaults:4 | Found a huge runed gate.
 62548 | Vaults:4 | Found a huge runed gate.
 62548 | Vaults:4 | Found a huge runed gate.
 62548 | Vaults:4 | Found a huge runed gate.
 62548 | Vaults:4 | Found a huge runed gate.
 62549 | Vaults:4 | Found a huge runed gate.
 62550 | Vaults:4 | Found a huge runed gate.
 62558 | Vaults:4 | Found a huge runed gate.
 62786 | Vaults:4 | Found a huge runed gate.
 62786 | Vaults:4 | Found a huge runed gate.
 62816 | Vaults:4 | Found a huge runed gate.
 62816 | Vaults:4 | Found a huge runed gate.
 62816 | Vaults:4 | Found a huge runed gate.
 62990 | Vaults:4 | Found a huge runed gate.
 62990 | Vaults:4 | Found a huge runed gate.
 62991 | Vaults:4 | Found a huge runed gate.
 62991 | Vaults:4 | Found a huge runed gate.
 62991 | Vaults:4 | Found a huge runed gate.
 62997 | Vaults:4 | Found a huge runed gate.
 62997 | Vaults:4 | Found a huge runed gate.
 62997 | Vaults:4 | Found a huge runed gate.
 62997 | Vaults:4 | Found a huge runed gate.
 62997 | Vaults:4 | Found a huge runed gate.
 62997 | Vaults:4 | Found a huge runed gate.
 62997 | Vaults:4 | Found a huge runed gate.
 62998 | Vaults:4 | Found a huge runed gate.
 62999 | Vaults:4 | Found a huge runed gate.
 63007 | Vaults:4 | Found a huge runed gate.
 63007 | Vaults:4 | Found a huge runed gate.
 63007 | Vaults:4 | Found a huge runed gate.
 63007 | Vaults:4 | Found a huge runed gate.
 63007 | Vaults:4 | Found a huge runed gate.
 63007 | Vaults:4 | Found a huge runed gate.
 63007 | Vaults:4 | Found a huge runed gate.
 63008 | Vaults:4 | Found a huge runed gate.
 63009 | Vaults:4 | Found a huge runed gate.
 63017 | Vaults:4 | Found a huge runed gate.
 63017 | Vaults:4 | Found a huge runed gate.
 63017 | Vaults:4 | Found a huge runed gate.
 63017 | Vaults:4 | Found a huge runed gate.
 63017 | Vaults:4 | Found a huge runed gate.
 63017 | Vaults:4 | Found a huge runed gate.
 63017 | Vaults:4 | Found a huge runed gate.
 63018 | Vaults:4 | Found a huge runed gate.
 63547 | Vaults:4 | Learned a level 9 spell: Shatter
 63571 | Vaults:5 | Entered Level 5 of the Vaults
 63574 | Vaults:5 | Reached skill level 18 in Earth Magic
 63574 | Vaults:5 | Reached XP level 23. HP: 140/140 MP: 48/48
 63802 | Vaults:4 | Reached skill level 19 in Earth Magic
 63838 | Vaults:4 | Identified the cursed +0 leather armour of Starshine
                  | {Regen+} (You found it on level 4 of the Vaults)
 63966 | Vaults:5 | Noticed a golden dragon
 64056 | Vaults:5 | Killed a golden dragon
 64760 | Vaults:5 | Reached skill level 20 in Earth Magic
 64840 | Vaults:5 | Reached XP level 24. HP: 94/147 MP: 17/48
 65446 | Vaults:5 | Got a silver rune of Zot
 65729 | Vaults:5 | Found Qiygycle's Antique Weapon Shoppe.
 65793 | Vaults:5 | Found Ucinloth's Jewellery Shoppe.
 65808 | Vaults:5 | Found Beiqoco's Magic Scroll Shop.
 65812 | Vaults:5 | Bought a scroll of teleportation for 54 gold pieces
 65812 | Vaults:5 | Bought a scroll of identify for 36 gold pieces
 65812 | Vaults:5 | Bought a scroll of magic mapping for 63 gold pieces
 65812 | Vaults:5 | Bought a scroll of blinking for 135 gold pieces
 65812 | Vaults:5 | Bought a scroll of identify for 36 gold pieces
 65812 | Vaults:5 | Bought a scroll of identify for 36 gold pieces
 65813 | Vaults:5 | Found Ilorghas's Antique Weapon Shoppe.
 65996 | Vaults:5 | Found Kouqego's Antique Armour Shop.
 66140 | Vaults:5 | Found Valaf's Distillery.
 66144 | Vaults:5 | Bought a potion of ambrosia for 176 gold pieces
 66144 | Vaults:5 | Bought a potion of cancellation for 176 gold pieces
 66144 | Vaults:5 | Bought 2 potions of curing for 132 gold pieces
 66144 | Vaults:5 | Bought a potion of magic for 176 gold pieces
 66144 | Vaults:5 | Bought a potion of cancellation for 176 gold pieces
 66144 | Vaults:5 | Bought a potion of brilliance for 88 gold pieces
 66337 | Vaults:5 | Found Vosal's Magic Scroll Emporium.
 66337 | Vaults:5 | Found Araismae's Distillery.
 66341 | Vaults:5 | Bought a scroll of identify for 40 gold pieces
 66341 | Vaults:5 | Bought a scroll of identify for 40 gold pieces
 66341 | Vaults:5 | Bought a scroll of teleportation for 60 gold pieces
 66341 | Vaults:5 | Bought a scroll of teleportation for 60 gold pieces
 66341 | Vaults:5 | Bought a scroll of blinking for 150 gold pieces
 66348 | Vaults:5 | Bought a potion of haste for 160 gold pieces
 66348 | Vaults:5 | Bought a potion of curing for 48 gold pieces
 66348 | Vaults:5 | Bought a potion of haste for 160 gold pieces
 66348 | Vaults:5 | Bought 2 potions of haste for 320 gold pieces
 66348 | Vaults:5 | Bought a potion of resistance for 160 gold pieces
 66609 | Depths:1 | Entered Level 1 of the Depths
 66610 | Depths:1 | Noticed Boris
 66610 | Depths:1 | Found a gateway to Hell.
 66612 | Depths:1 | Killed Boris
 66617 | Depths:1 | Upgraded the game from 0.26-a0-969-g2c58977ddd to
                  | 0.26-a0-976-gd3b5134375
 66932 | Depths:1 | Found Goenkat's Antique Armour Shoppe.
 66940 | Depths:1 | Bought a pair of twisted gloves for 247 gold pieces
 66940 | Depths:1 | Identified the +2 pair of gloves of Inevitability {Harm
                  | Rampage rN+} (You bought it in a shop on level 1 of the
                  | Depths)
 66986 | Depths:1 | Found Firon's Gadget Boutique.
 67013 | Depths:1 | Found a gateway to a bazaar.
 67031 | Depths:1 | Found Zecell's Jewellery Emporium.
 67037 | Depths:1 | Bought the ring "Cablix" {Wiz rPois SInv} for 499 gold
                  | pieces
 67212 | Depths:1 | Noticed a royal mummy
 67221 | Depths:1 | Killed a royal mummy
 67606 | Depths:1 | Found a runed translucent door.
 67750 | Depths:1 | Found Vuonn's General Store.
 67761 | Depths:1 | Bought a scroll of magic mapping for 59 gold pieces
 67837 | Bazaar   | Entered a bazaar
 67837 | Bazaar   | Found Coty's General Store.
 67837 | Bazaar   | Found Ythruacud's Gadget Shop.
 67851 | Bazaar   | Found Zawaige's Antique Weapon Shop.
 67873 | Bazaar   | Found Ixo Mah's General Store.
 67874 | Bazaar   | Bought a scroll of identify for 28 gold pieces
 67874 | Bazaar   | Bought a potion of heal wounds for 70 gold pieces
 67894 | Bazaar   | Found Beamoczo's Assorted Antiques.
 67907 | Bazaar   | Bought a thick metal-bound book for 465 gold pieces
 67907 | Bazaar   | Bought a scroll of teleportation for 93 gold pieces
 67907 | Bazaar   | Bought a potion of curing for 93 gold pieces
 67907 | Bazaar   | Bought a potion of brilliance for 124 gold pieces
 67907 | Bazaar   | Bought a scroll of magic mapping for 108 gold pieces
 67907 | Bazaar   | Bought a glistering book for 465 gold pieces
 67907 | Bazaar   | Bought a metal-bound book for 465 gold pieces
 67917 | Bazaar   | Learned a level 5 spell: Borgnjor's Vile Clutch
 67989 | Depths:2 | Acquired a +2 eveningstar of protection
 68056 | Depths:2 | Reached skill level 1 in Transmutations
 68497 | Depths:2 | Found a one-way gate leading to the halls of Pandemonium.
 68585 | Depths:2 | Found a gateway to a ziggurat.
 68598 | Depths:2 | Reached skill level 15 in Conjurations
 68598 | Depths:2 | Reached skill level 1 in Necromancy
 68658 | Depths:2 | Reached skill level 21 in Earth Magic
 68794 | Depths:2 | Found Hibluhu's Antique Armour Shoppe.
 68806 | Depths:2 | Found Ickyal's Magic Scroll Emporium.
 68806 | Depths:2 | Found Zeclem's Book Shoppe.
 68809 | Depths:2 | Found Daelelal's Armour Emporium.
 68835 | Depths:2 | Bought a scroll of identify for 38 gold pieces
 68835 | Depths:2 | Bought a scroll of magic mapping for 66 gold pieces
 68835 | Depths:2 | Bought a scroll of identify for 38 gold pieces
 68835 | Depths:2 | Bought a scroll of teleportation for 57 gold pieces
 68999 | Depths:2 | You are sucked into a shaft and drop 1 floor!
 68999 | Depths:3 | Found Humoocith's Weapon Shoppe.
 69001 | Depths:3 | Reached XP level 25. HP: 153/153 MP: 47/48
 70271 | Depths:3 | Acquired 1265 gold pieces
 70290 | Depths:3 | Found Baaziatt's Distillery.
 70302 | Depths:3 | Found Aneewymo's Gadget Emporium.
 70304 | Depths:3 | Bought a potion of might for 76 gold pieces
 70304 | Depths:3 | Bought a potion of cancellation for 152 gold pieces
 70304 | Depths:3 | Bought 2 potions of resistance for 380 gold pieces
 70304 | Depths:3 | Bought a potion of curing for 57 gold pieces
 70331 | Depths:3 | Found Mausybo's Antique Armour Shoppe.
 70340 | Depths:3 | Bought a pair of twisted boots for 228 gold pieces
 70341 | Depths:3 | Identified the +0 pair of boots of Freedom {Int+4} (You
                  | bought it in a shop on level 3 of the Depths)
 70678 | Depths:4 | Found a one-way gate to the infinite horrors of the Abyss.
 70720 | Depths:4 | Noticed Boris
 70729 | Depths:4 | Killed Boris
 71372 | Depths:4 | Learned a level 9 spell: Fire Storm
 71481 | Depths:4 | Noticed the Enchantress
 71484 | Depths:4 | Killed the Enchantress
 73131 | Crypt:1  | Entered Level 1 of the Crypt
 73131 | Crypt:1  | Noticed Boris
 73564 | Depths:4 | Found a huge runed gate.
 73564 | Depths:4 | Found a huge runed gate.
 73564 | Depths:4 | Found a huge runed gate.
 73564 | Depths:4 | Found a huge runed gate.
 73564 | Depths:4 | Noticed a juggernaut
 73565 | Depths:4 | Found a huge runed gate.
 73565 | Depths:4 | Found a huge runed gate.
 73565 | Depths:4 | Found a huge runed gate.
 73565 | Depths:4 | Found a huge runed gate.
 73569 | Depths:4 | Killed a juggernaut
 73944 | Depths:4 | Found a huge runed gate.
 73946 | Depths:4 | Found a huge runed gate.
 73948 | Depths:4 | Found a huge runed gate.
 73949 | Depths:4 | Found a huge runed gate.
 73950 | Depths:4 | Found a huge runed gate.
 73950 | Depths:4 | Found a huge runed gate.
 73954 | Depths:4 | Found a huge runed gate.
 73954 | Depths:4 | Found a huge runed gate.
 73954 | Depths:4 | Found a huge runed gate.
 73954 | Depths:4 | Found a huge runed gate.
 73954 | Depths:4 | Found a huge runed gate.
 73959 | Depths:4 | Found a huge runed gate.
 74264 | Crypt:1  | Killed Boris
 74265 | Crypt:1  | Reached skill level 15 in Fighting
 74265 | Crypt:1  | Reached XP level 26. HP: 160/160 MP: 33/49
 74762 | Crypt:1  | Reached skill level 22 in Earth Magic
 74946 | Crypt:1  | Identified the +9 shortbow of the Mind {venom, *Slow Str+6
                  | Int+3 SInv}
 75195 | Crypt:2  | Reached skill level 5 in Transmutations
 75525 | Crypt:2  | Reached skill level 5 in Necromancy
 76635 | Crypt:3  | Entered Level 3 of the Crypt
 76685 | Crypt:3  | Found a staircase to the Tomb.
 76775 | Crypt:3  | Found an ancient bone altar of Kikubaaqudgha.
 77118 | Crypt:3  | Identified the +4 plate armour of the Jolly Nights {Stlth+}
 77130 | Crypt:3  | Reached XP level 27. HP: 124/168 MP: 22/49
 77148 | Crypt:3  | Identified the +8 scythe of Action {flame, rF+ Str+2}
 77148 | Crypt:3  | Identified the ring of Widewn {+Fly rF+ Dex+5 Stlth-}
 77157 | Crypt:3  | Mangled by a profane servitor

Illustrated notes

Levels and vault maps discovered:
D:1:      dpeg_arrival_boxorama, layout_loops_corners
D:2:      layout_rooms, kiku_gazebo_pond_becter, chequers_ecumenical_altar_grove
D:3:      layout_loops_cross, chequers_temple_overflow_minitemple,
          makhleb_blood_cavern_becter, uniq_crazy_yiuf_cottage, uniq_sigmund,
          uniq_jessica
D:4:      layout_basic, minmay_misc_feat_more_columns, kennysheep_generic_room_9
D:5:      layout_cave_pools, temple_hall, eino_tiny_chamber,
          lightli_church_of_beogh, uniq_eustachio, uniq_pikel
D:6:      layout_loops_corners, fedhas_altar_1, kennysheep_mini
D:7:      minmay_the_grid_octo_2x2 [minmay_the_grid_octo_shrine,
          minmay_the_grid_octo_toaster, minmay_the_grid_octo_odd_swirl,
          minmay_the_grid_octo_prize_big_c], layout_basic, lemuel_crystal_altar,
          basic_altar, kennysheep_generic_room_12
D:8:      layout_basic, lemuel_round_altar, minivault_21
D:9:      layout_rooms, lemuel_coloured_pillars_altar, david_orc_2,
          eino_small_chamber_without_monster, hangedman_weighted_door, uniq_grum
D:10:     layout_stronghold, minivault_10
D:11:     layout_grid_maze, erik_lair_island, uniq_maurice, uniq_psyche
D:12:     layout_loops_ring, gammafunk_ghost_necromancy, enter_bailey_3,
          uniq_gastronok
D:13:     layout_long_grid, hangedman_vaults_entry_quadrant_bands,
          uniq_josephine, uniq_azrael
D:14:     layout_small_grid, ashenzari_altar_1
D:15:     gammafunk_depths_entry_grave, layout_basic, minmay_crystal_water,
          minivault_19, chequers_serial_rivers_micro_d, hangedman_decor_lopped,
          nicolae_transmutations_shop, sword_in_stone
Temple:   pf_slimified_temple
Lair:1:   layout_long_grid, serial_bayou_shore_b, uniq_nergalle
Lair:2:   layout_long_grid, guppyfry_snake_entry_garden, special_room
          [special_room_bee], serial_bayou_ford_a, infiniplex_staircase_pool
Lair:3:   layout_hall_layers, serial_rivers, chequers_serial_rivers_micro_e,
          chequers_serial_rivers_micro_a, chequers_serial_rivers_small_3,
          chequers_serial_rivers_large_b
Lair:4:   layout_concentric_octagons, elwin_shoals_entry_stream,
          grunt_forest_stairs_clearing, grunt_megastairs_4
Lair:5:   layout_gridlike, grunt_forest_stairs_basic, bobbens_dragon_lair_wall,
          minmay_lair_oklob_chamber, uniq_kirke
Lair:6:   gammafunk_lair_ancient_temple, layout_regular_city,
          dpeg_slime_entry_enclosed_altar
Shoals:1: layout_shoals
Shoals:2: layout_shoals, nicolae_shoals_aquamancer_cove
Shoals:3: layout_shoals, gammafunk_ghost_wrathful_warriors,
          nicolae_shoals_square_sea_wall
Shoals:4: shoals_end_grunt_ice, layout_shoals, uniq_polyphemus
Snake:1:  layout_grid_maze
Snake:2:  nrook_guardian_serpent_snake_passage, layout_grid_maze,
          nicolae_snake_single_loop, minmay_shop_grid_forest,
          nicolae_snake_springs, uniq_vashnia
Snake:3:  layout_rooms, minmay_shop_grove
Snake:4:  grunt_snake_rune_spirals, layout_onion, basic_altar, serial_shops,
          shop, uniq_nikola
Orc:1:    layout_diamond_mine
Orc:2:    grunt_orc_gardens, layout_caves, grunt_orc_garden, grunt_orc_garden,
          grunt_orc_garden, grunt_orc_garden
Elf:1:    minmay_elf_arrival_summoners, layout_geoelf_diagonals,
          minmay_elf_necromancy
Elf:2:    layout_geoelf_grid, serial_shops, shop, st_stairs_13
Elf:3:    grunt_elf_hall_branching, layout_onion_city
Vaults:1: hangedman_vaults_hat, hangedman_vaults_capsules,
          nicolae_vaults_network_quinsquares
          [nicolae_vaults_network_quincunx_subvault,
          nicolae_vaults_network_quincunx_subvault,
          nicolae_vaults_network_quincunx_subvault,
          nicolae_vaults_network_quincunx_subvault],
          nicolae_vaults_little_squares_5, vaults_room_semicircle,
          vaults_mumra_hex, layout_vaults_omnigrid
Vaults:2: nicolae_vaults_mini_display_case, nicolae_vaults_shelves_hall,
          hangedman_vaults_pinch, v_alt_pattern_1,
          nicolae_vaults_big_angled_halls, dpeg_vaults_monster_row,
          minmay_guarded_unrand_guard_vaults, v_alt_pattern_6, v_misc_31,
          nicolae_vaults_triangles, nicolae_vaults_little_squares_1,
          vaults_room_door_ring, vaults_dpeg_cross, nicolae_vaults_asterisk,
          layout_vaults_omnibox, serial_shops, shop, uniq_boris
Vaults:3: nicolae_vaults_quartermaster, minmay_crypt_entry_necro_gods,
          v_alt_pattern_5, vaults_standard_mumra_enter_the_diamond,
          vaults_room_corners, hangedman_vaults_river_flow,
          ontoclasm_vaults_ring_small, grunt_vaults_hallway_short,
          nicolae_vaults_yaktaur_gun_rack, nicolae_vaults_theta, v_misc_25,
          nicolae_vaults_big_ls, nicolae_vaults_little_squares_1,
          layout_vaults_maze
Vaults:4: v_misc_15, vaults_not_door_vault_mu, vaults_not_door_vault_due,
          v_misc_33, ontoclasm_vaults_gateway, v_alt_pattern_1,
          grunt_vaults_swirl, nicolae_vaults_little_squares_3,
          dpeg_vaults_monster_box, v_pattern_1, ontoclasm_vaults_ligature,
          layout_vaults_ring
Vaults:5
Crypt:1:  layout_chaotic_city, grunt_megastairs_3
Crypt:2:  hangedman_hall_of_fallen_heroes, layout_regular_city,
          nicolae_crypt_little_mausoleum
Crypt:3:  lightli_unholy_cathedral, layout_chaotic_city,
          tomb_entry_simple_bobbens, basic_altar
Depths:1: lemuel_minitomb, layout_basic, minmay_misc_feat_columns, serial_shops,
          statue_bzr, nicolae_shop_crystal, shop,
          nicolae_shop_temple_entry_statues_fountains, nicolae_shop_statue_plus,
          hell_entry, kennysheep_treasure_room
Depths:2: minmay_diamond_stairs, layout_honeycomb, enter_ziggurat_a,
          grunt_pan_entry_spiral, hell_entry, grunt_ministairs_5,
          minmay_staircase_statues, minmay_shoptagon
Depths:3: minmay_distorted_concentric_squares, layout_cave_pools,
          kennysheep_small_spiral, serial_shops, shop, shop, shop,
          nicolae_shop_competitors_out_of_business,
          pf_vacation_house_of_asmodeus, pan_entry
Depths:4: minmay_spriggan_fort, layout_honeycomb, pan_entry, abyss_entry,
          serial_bayou_pond_e, hell_entry, minivault_22, reverse_door_vault,
          grunt_megastairs_2, infiniplex_staircase_pillars_3b, uniq_enchantress

Skill      XL: |  1  2  3  4  5  6  7  8  9 10 11 12 13 14 15 16 17 18 19 20 21 22 23 24 25 26 |
---------------+-------------------------------------------------------------------------------+-----
Earth Magic    | 4 5 6 7 8 9 10 11 12 13 15 16 18 20 21 22 | 22.0
Conjurations   | 1 3 4 5 6 7 8 9 10 11 12 13 14 15 16 | 16.5
Spellcasting   | 3 4 5 6 7 8 9 10 12 13 15 16 17 18 | 18.1
Fighting       | 2 4 5 6 7 8 9 10 11 12 13 14 15 | 15.8
Armour         | 2 4 5 6 |  6.0
Dodging        | 2 3 4 5 6 7 8 9 10 11 12 | 12.8
Maces & Flails | 2 3 4 5 7 8 9 10 11 12 13 14 | 14.0
Evocations     | 2 3 4 5 6 7 8 9 10 | 10.0
Fire Magic     | 2 4 5 7 8 12 14 16 17 18 19 | 19.8
Transmutations | 2 4 6 |  6.2
Necromancy     | 1 4 6 |  6.1
Stealth        | |  2.1

Action                   |  1- 3 |  4- 6 |  7- 9 | 10-12 | 13-15 | 16-18 | 19-21 | 22-24 | 25-27 || total
-------------------------+-------+-------+-------+-------+-------+-------+-------+-------+-------++-------
Melee: Unarmed           |    12 |       |       |       |       |       |       |       |       ||    12
       Club              |    16 |       |       |       |       |       |       |       |       ||    16
       Dagger            |    24 |   165 |   383 |   816 |   247 |       |       |       |       ||  1635
       Headbutt          |       |       |    42 |    65 |       |       |       |       |       ||   107
       Dire flail        |       |       |       |       |   416 |   981 |   734 |   596 |   520 ||  3247
       Peck              |       |       |       |       |    16 |   209 |   160 |   114 |   122 ||   621
 Cast: Sandblast         |    12 |     9 |    40 |    36 |    33 |     2 |       |       |       ||   132
       Lee's Rapid Decon |       |       |     7 |    18 |    78 |    20 |    37 |    45 |     3 ||   208
       Bolt of Magma     |       |       |       |    38 |    15 |     6 |     8 |       |       ||    67
       Iron Shot         |       |       |       |     9 |    74 |   203 |   217 |    92 |    41 ||   636
       Stone Arrow       |       |       |       |     4 |     1 |       |       |       |     3 ||     8
       Irradiate         |       |       |       |     1 |    40 |    36 |       |     3 |       ||    80
       Ignition          |       |       |       |       |       |    13 |    61 |    40 |    19 ||   133
       Shatter           |       |       |       |       |       |       |       |    71 |    89 ||   160
       Fire Storm        |       |       |       |       |       |       |       |       |     4 ||     4
 Abil: Fly               |       |       |       |       |     1 |       |       |       |       ||     1
Evoke: Wand              |       |       |       |    33 |     8 |     3 |       |     2 |       ||    46
       Condenser vane    |       |       |       |       |       |       |       |       |     2 ||     2
       Tin of tremorston |       |       |       |       |       |       |       |       |     2 ||     2
  Use: Scroll            |       |    15 |     9 |    13 |    11 |    14 |    19 |     9 |     5 ||    95
       Potion            |       |     1 |     8 |    11 |     7 |     1 |     2 |     5 |       ||    35
 Stab: Sleeping          |     3 |     5 |     4 |    16 |       |    16 |     6 |       |       ||    50
       Invisible         |       |       |     1 |     2 |       |       |       |       |       ||     3
       Petrified         |       |       |       |       |     3 |       |       |       |       ||     3
       Distracted        |       |       |       |       |     2 |       |     1 |     1 |       ||     4
Armor: Robe              |    20 |    48 |    68 |       |       |       |       |       |       ||   136
       Skin              |       |    11 |       |       |       |       |       |       |       ||    11
       Leather armour    |       |       |    57 |   276 |   428 |   502 |   390 |   255 |    94 ||  2002
       Acid dragon scale |       |       |       |       |       |       |       |       |   183 ||   183
Dodge: Dodged            |    29 |    97 |   301 |   674 |   775 |   861 |   502 |   464 |   432 ||  4135
Block: Other             |       |     1 |   112 |   211 |   221 |   206 |       |       |       ||   751
       Reflection        |       |       |     3 |     6 |     2 |    25 |       |       |       ||    36

Table legend: (Time is in decaauts)
 A = Elapsed time spent in this place.
 B = Non-inter-level travel time spent in this place.
 C = Inter-level travel time spent in this place.
 D = Time resting spent in this place.
 E = Time spent auto-exploring this place.
 F = Levels seen in this place.
 G = Mean time per level.
                   A        B        C        D        E       F      G
               +--------+--------+--------+--------+--------+-----+--------+
         Total |  76430 |  71997 |   4433 |  18286 |  39678 |  49 | 1559.8 |
       Dungeon |  21581 |  20364 |   1217 |   4425 |  11437 |  15 | 1438.7 |
        Temple |      1 |      1 |      0 |      0 |      0 |   1 |    1.0 |
          Lair |   9069 |   8489 |    580 |   2163 |   5180 |   6 | 1511.5 |
        Shoals |   6532 |   6335 |    197 |   1846 |   3089 |   4 | 1633.0 |
     Snake Pit |   8818 |   8372 |    446 |   3288 |   3472 |   4 | 2204.5 |
  Orcish Mines |   3013 |   2735 |    278 |   1230 |   1068 |   2 | 1506.5 |
   Elven Halls |   5233 |   4993 |    240 |   1129 |   3052 |   3 | 1744.3 |
        Vaults |  11760 |  10913 |    847 |   2296 |   6853 |   5 | 2352.0 |
         Crypt |   2779 |   2710 |     69 |      4 |   2152 |   3 |  926.3 |
        Depths |   6786 |   6232 |    554 |   1719 |   3250 |   4 | 1696.5 |
        Bazaar |     90 |     90 |      0 |      0 |     36 |   1 |   90.0 |
        Bailey |    761 |    761 |      0 |    186 |     88 |   1 |  761.0 |
               +--------+--------+--------+--------+--------+-----+--------+

Top non-repeatable levels by time:
 Snake:4: 3843 daAuts
Vaults:4: 3139 daAuts
Shoals:4: 2854 daAuts
    D:13: 2784 daAuts
Depths:4: 2737 daAuts
  Lair:5: 2642 daAuts
   Elf:3: 2620 daAuts
Vaults:2: 2559 daAuts
    D:12: 2543 daAuts
 Snake:2: 2516 daAuts
Vaults:3: 2377 daAuts
   Orc:1: 2229 daAuts
Vaults:1: 2068 daAuts
Depths:2: 1822 daAuts
    D:11: 1796 daAuts
